 Dungeon Sprint DCSS version 0.28.0-47-ge53b351184 (webtiles) character file.

Game seed: 11233844501547167531

980 Hrothgar the Ruffian (level 7, -5/76 HPs)
             Began as a Troll Fighter on May 1, 2022.
             Was a Follower of Jiyva.
             Slain by a deep troll (13 damage)
             ... in the Dungeon (Sprint I: "Red Sonja").
             The game lasted 00:04:28 (322 turns).

Hrothgar the Ruffian (Troll Fighter)                 Turns: 322, Time: 00:04:36

Health: -5/76      AC:  6    Str: 27    XL:     7   Next: 96%
Magic:  6/6        EV: 10    Int:  9    God:    Jiyva [*.....]
Gold:   23         SH:  8    Dex:  9    Spells: 6/6 levels left

rFire   . . .      SeeInvis .     - Unarmed
rCold   . . .      Faith    .   b - +0 kite shield
rNeg    . . .      Spirit   .   a - +2 robe of Solic {Int+5}
rPois   .          Reflect  .   (helmet restricted)
rElec   .          Harm     .   (no cloak)
rCorr   .          Rampage  .   (gloves unavailable)
Will    .....      NoTele   +   (boots unavailable)
Stlth   ++........              (no amulet)
HPRegen 1.82/turn               (no ring)
MPRegen 0.35/turn               (no ring)

@: mighty
A: large, unfitting armour, claws 3, regeneration 1, shaggy fur 1, tough skin 1
a: Renounce Religion


You were in the Dungeon.
You worshipped Jiyva.
Jiyva was aware of your devotion.
You visited 1 branch You collected 417 gold pieces.
You spent 394 gold pieces at shops.

Inventory:

Armour
 a - the +2 robe of Solic (worn) {Int+5}
   (You bought it in a shop in the Dungeon)

   Int:       It affects your intelligence (+5).
 b - a +0 kite shield (worn)
Wands
 h - a wand of paralysis (5)
Scrolls
 i - a scroll of blinking
 j - 3 scrolls of identify
Potions
 e - a potion of heal wounds
 f - a potion of attraction
 g - 2 potions of magic


   Skills:
 * Level 6.4 Fighting
 * Level 4.2 Armour
 * Level 6.5 Dodging
 * Level 4.7 Stealth
 * Level 6.2 Shields
 * Level 6.9 Unarmed Combat
 * Level 3.6 Evocations


You had 6 spell levels left.
You didn't know any spells.
Your spell library contained the following spells:

 Spells                   Type           Power      Damage    Failure   Level
 Magic Dart               Conj           0%         1d3       65%         1
 Call Imp                 Summ           0%         N/A       78%         2
 Mephitic Cloud           Conj/Pois/Air  0%         N/A       95%         3


Dungeon Overview and Level Annotations

Branches:
Dungeon (1/1)

Altars:
Cheibriados
Dithmenos
Elyvilon
Fedhas
Gozag
Hepliaklqana
Kikubaaqudgha
Makhleb
Nemelex Xobeh
Okawaru
Qazlal
Ru
Sif Muna
Trog
Uskayaw
Vehumet
Wu Jian
Xom
Yredelemnul
Zin
The Shining One
Jiyva
Lugonu

Shops:
D ?[![((


Innate Abilities, Weirdness & Mutations

You are too large for most types of armour.
You have claws for hands.
Your natural rate of healing is unusually fast.
You are covered in fur. (AC +1)
You have tough skin. (AC +1)


Message History

You hear a distant slurping noise.
You closely miss the deep troll.
The deep troll is moderately wounded.
The deep troll barely misses you. The deep troll claws you!
* * * LOW HITPOINT WARNING * * *
The deep troll misses you.
You hear a distant slurping noise.
You hear a squelching noise.
You hear a distant slurping noise. x2
You hear a distant slurping noise. x2
You swap places.
You hear a distant slurping noise.
The deep troll bites the shining eye!
The deep troll claws the shining eye! x2
The deep troll bites the shining eye!
The deep troll barely misses the shining eye.
The deep troll claws the shining eye!
The shining eye dies!
You hear a distant slurping noise. x2; You hear a squelching noise.
You hear a distant slurping noise.
Aiming: Paralyse
Press: ? - help, Shift-Dir - straight line, f/p - deep troll
Aim: a deep troll (moderately wounded, chance to affect: 40%)
The deep troll resists with some effort.
You hear a distant slurping noise.
You swap places.
You hear a distant slurping noise.
You hear a distant slurping noise. x2
You feel better.
You hear a distant slurping noise. x2
The deep troll bites the floating eye!!
The floating eye dies!
The deep troll misses you. The deep troll claws you!
The deep troll closely misses you.
You hear a distant slurping noise.
You claw the deep troll!
The deep troll is moderately wounded.
You hear a distant slurping noise.
The deep troll bites you!!
* * * LOW HITPOINT WARNING * * *
The deep troll claws you!
You die...

#..####..#...#.####§!
#..#__####..##.#§§≈§c
#..#_____##'#_..§≈≈§
#⌠⌠#_.∩...'..._#≈≈≈.c
####_..__##_.#'# ###
#_____###'#.#
############.####+##
#∩..G.G...........$$
###.@T.####...######
#.......####.###
#........#.#.#.#
#..#.J...#.....#
#...G....#.....#
#.....#..#######
#........# #..#.....#
#........#


You could see a deep troll, 3 neutral shining eyes(fellow slime) and a neutral
jelly (wandering)(fellow slime).

Vanquished Creatures
  Sonja (D)
  Sigmund (D)
  A yak (D)
  An ogre (D)
  A jelly (D)
  Ijyb (D)
6 creatures vanquished.

Vanquished Creatures (others)
  3 shining eyes (D)
  4 floating eyes (D)
  7 necrophages (D)
  9 jellies (D)
  2 ballistomycete spores (D)
25 creatures vanquished.

Grand Total: 31 creatures vanquished

Notes
Turn   | Place    | Note
-------+----------+-------------------------------------------
     0 | D        | Hrothgar the Troll Fighter began the quest for the Orb.
     0 | D        | Reached XP level 1. HP: 22/22 MP: 0/0
     2 | D        | Noticed Ijyb
     9 | D        | Killed Ijyb
    10 | D        | Reached skill level 1 in Armour
    10 | D        | Reached XP level 2. HP: 31/31 MP: 1/1
    43 | D        | Noticed an ogre
    47 | D        | Killed an ogre
    48 | D        | Reached skill level 1 in Stealth
    48 | D        | Reached skill level 1 in Evocations
    48 | D        | Reached XP level 3. HP: 39/39 MP: 2/2
    48 | D        | Reached XP level 4. HP: 48/48 MP: 3/3
    61 | D        | Noticed Sigmund
    69 | D        | Killed Sigmund
    70 | D        | Reached skill level 5 in Fighting
    70 | D        | Reached skill level 5 in Dodging
    70 | D        | Reached skill level 5 in Shields
    70 | D        | Reached XP level 5. HP: 57/57 MP: 4/4
    94 | D        | Found an ornate altar of the Wu Jian Council.
    94 | D        | Found a shimmering blue altar of Sif Muna.
    96 | D        | Found a radiant altar of Vehumet.
   104 | D        | Reached XP level 6. HP: 65/66 MP: 5/5
   112 | D        | Found a burning altar of Makhleb.
   112 | D        | Found a viscous altar of Jiyva.
   112 | D        | Found a shimmering altar of Xom.
   112 | D        | Found a corrupted altar of Lugonu.
   112 | D        | Noticed a slime creature
   118 | D        | Became a worshipper of Jiyva Jaselaes the Shapeless
   127 | D        | Noticed a centaur warrior
   129 | D        | Killed a floating eye
   148 | D        | Found Ytogineth's Armour Emporium.
   148 | D        | Found an ancient bone altar of Kikubaaqudgha.
   148 | D        | Found a hazy altar of Hepliaklqana.
   148 | D        | Found a stormy altar of Qazlal.
   148 | D        | Found a hide-covered altar of Uskayaw.
   148 | D        | Found a blossoming altar of Fedhas.
   148 | D        | Found a bloodstained altar of Trog.
   148 | D        | Found an iron altar of Okawaru.
   148 | D        | Found a basalt altar of Yredelemnul.
   148 | D        | Found a glowing golden altar of the Shining One.
   148 | D        | Found a snail-covered altar of Cheibriados.
   148 | D        | Found a sacrificial altar of Ru.
   148 | D        | Found a glowing silver altar of Zin.
   148 | D        | Found a shadowy altar of Dithmenos.
   148 | D        | Found a white marble altar of Elyvilon.
   148 | D        | Noticed a yak
   150 | D        | Found an opulent altar of Gozag.
   156 | D        | Killed a yak
   157 | D        | Reached skill level 5 in Unarmed Combat
   157 | D        | Found a sparkling altar of Nemelex Xobeh.
   161 | D        | Bought the +2 robe of Solic {Int+5} for 282 gold pieces
   181 | D        | Noticed a centaur warrior
   189 | D        | Noticed Sonja
   190 | D        | Noticed a floating eye
   192 | D        | Noticed a shining eye
   192 | D        | Noticed a shining eye
   192 | D        | Noticed a shining eye
   193 | D        | Noticed a shining eye
   196 | D        | Killed Sonja
   197 | D        | Reached XP level 7. HP: 76/76 MP: 6/6
   224 | D        | Noticed a shining eye
   227 | D        | Found Jumeme's Magic Scroll Boutique.
   228 | D        | Reached * piety under Jiyva
   228 | D        | Noticed a shining eye
   228 | D        | Noticed a shining eye
   235 | D        | Bought a scroll of identify for 28 gold pieces
   235 | D        | Bought a scroll of identify for 28 gold pieces
   235 | D        | Bought a scroll of identify for 28 gold pieces
   235 | D        | Bought a scroll of identify for 28 gold pieces
   240 | D        | Noticed a shining eye
   244 | D        | Found Tyom's Distillery.
   244 | D        | Found Jokyil's Weapon Boutique.
   246 | D        | Found Cihyatask's Antique Weapon Shop.
   247 | D        | Found Afiomud's Antique Armour Shoppe.
   284 | D        | Noticed a deep troll
   294 | D        | Killed a shining eye
   296 | D        | Killed a shining eye
   315 | D        | Killed a shining eye
   322 | D        | Slain by a deep troll

Illustrated notes

Levels and vault maps discovered:
D:        dungeon_sprint_1 [red_sonja_temple_1, red_sonja_temple_small_1]

Skill      XL: |  1  2  3  4  5  6 |
---------------+-------------------+-----
Fighting       | 3 4 5 6 |  6.4
Armour         | 1 3 4 |  4.2
Dodging        | 3 4 5 6 |  6.5
Shields        | 3 4 5 6 |  6.2
Stealth        | 1 2 4 |  4.7
Unarmed Combat | 3 4 6 |  6.9
Evocations     | 1 2 3 |  3.6

Action                   |  1- 3 |  4- 6 |  7- 9 || total
-------------------------+-------+-------+-------++-------
Melee: Unarmed           |     8 |    21 |     7 ||    36
Evoke: Wand              |     2 |     3 |     3 ||     8
  Use: Potion            |     1 |     1 |     2 ||     4
       Scroll            |       |       |     1 ||     1
 Stab: Paralysed         |     2 |     7 |       ||     9
       Sleeping          |       |     3 |       ||     3
Armor: Robe              |     1 |     1 |     2 ||     4
Dodge: Dodged            |       |     5 |    11 ||    16
Block: Kite shield       |     1 |     3 |     1 ||     5
